AoeStats
← St. Stacy

Marketplace

504111409Analyzed
1v1 RM · 29d ago on Sep 3, 2026· 48m 51s· 2 players
Game mode
Random Map
Map size
Tiny (2 player)
Population
200
Speed
Normal
Resources
Standard
Victory
Conquest
Starting age
Dark Age
Ending age
Imperial Age
RankedLock teamsTeams togetherTeam positionsShared explorationLock speedFull tech treeHidden civsTurbo modeCheats
Victory
Defeat
🇬🇧 Slavs · United Kingdom
755
+15
🇨🇴 Celts · Colombia
733
-15
arkonlm
0:26 Loom
12:59 Feudal Age
15:02 Wheelbarrow
17:29 Castle Age
21:08 Double-Bit Axe
29:10 Wheelbarrow
28:42 Horse Collar
30:07 Husbandry
29:27 Light Cavalry
35:07 Imperial Age
32:43 Caravan
33:43 Scale Barding Armor
33:49 Forging
34:49 Chain Barding Armor
34:43 Stronghold
35:22 Cavalier
36:40 Conscription
37:16 Pikeman
38:50 Gambesons
39:39 Scale Mail Armor
40:50 Fortified Wall
41:05 Halberdier
43:50 Hand Cart
43:20 Town Watch
45:08 Chain Mail Armor
45:28 Iron Casting
45:54 Bow Saw
47:27 Plate Mail Armor
47:33 Heavy Plow
St. Stacy
3:03 Loom
10:29 Feudal Age
11:06 Double-Bit Axe
19:07 Forging
19:11 Horse Collar
23:35 Castle Age
21:19 Man-at-Arms
21:27 Man-at-Arms
23:08 Scale Barding Armor
24:34 Bow Saw
24:44 Bloodlines
26:06 Chain Barding Armor
26:19 Heavy Plow
27:07 Long Swordsman
27:22 Pikeman
30:57 Iron Casting
32:10 Wheelbarrow
32:25 Wheelbarrow
33:22 Fletching
34:05 Husbandry
35:43 Hand Cart
39:33 Imperial Age
39:50 Cavalier
41:19 Druzhina
42:39 Plate Barding Armor
43:05 Blast Furnace
42:43 Plate Barding Armor
43:00 Two-Handed Swordsman
43:54 Scale Mail Armor
44:21 Champion
46:59 Squires
48:31 Two-Man Saw
Connection lost

Rejoining the realm…

Still unreachable

The connection could not be restored.

Session expired

The server has moved on; the page needs a fresh start.